 Dungeon Crawl Stone Soup version 0.28.0-53-g5a82cb258f (webtiles) character file.

Game seed: 6766476535727812478

390 eooof the Cleaver (level 6, -8/57 HPs)
             Began as a Hill Orc Monk on June 29, 2022.
             Was an Initiate of Beogh.
             Mangled by an ogre
             ... wielding a +0 giant spiked club
              (15 damage)
             ... on level 6 of the Dungeon.
             The game lasted 00:18:03 (2753 turns).

eooof the Cleaver (Hill Orc Monk)                   Turns: 2753, Time: 00:18:03

Health: -8/57      AC:  5    Str: 16    XL:     6   Next: 80%
Magic:  6/6        EV: 12    Int: 12    God:    Beogh [......]
Gold:   79         SH:  5    Dex: 15    Spells: 5/5 levels left

rFire   + . .      SeeInvis .   a - +0 falchion (holy)
rCold   . . .      Faith    .   (no shield)
rNeg    . . .      Spirit   .   l - +2 robe {rF+}
rPois   .          Reflect  +   (no helmet)
rElec   .          Harm     .   (no cloak)
rCorr   .          Rampage  .   (no gloves)
Will    .....                   h - +0 pair of boots
Stlth   ++........              d - amulet of reflection
HPRegen 0.19/turn               (no ring)
MPRegen 0.10/turn               (no ring)

@: no status effects
A: agile 1, clever 1
a: Renounce Religion


You were on level 6 of the Dungeon.
You worshipped Beogh.
Beogh was noncommittal.
You visited 1 branch of the dungeon, and saw 6 of its levels.

You collected 79 gold pieces.

Inventory:

Hand Weapons
 a - a +0 falchion of holy wrath (weapon)
Armour
 b - a +0 robe
 c - a +0 pair of boots
 f - a +0 robe
 h - a +0 pair of boots (worn)
 l - a +2 robe of fire resistance (worn)
Jewellery
 d - an amulet of reflection (around neck)
Scrolls
 g - a scroll of identify {unknown}
 i - 2 scrolls of blinking
 j - a scroll of noise {unknown}
 k - a scroll of enchant weapon
Potions
 e - 2 potions of cancellation


   Skills:
 + Level 5.9 Fighting
 * Level 8.3 Axes
 - Level 2.4 Dodging
 - Level 1.5 Stealth


You had 5 spell levels left.
You didn't know any spells.
Your spell library was empty.

Dungeon Overview and Level Annotations

Branches:
Dungeon (6/15)
 Temple: D:4-7

Altars:
Ashenzari

Shops:
D:4 =


Innate Abilities, Weirdness & Mutations

You are agile. (Dex +2)
Your mind is acute. (Int +2)


Message History

You hit the ogre but do no damage.
The ogre hits you with a +0 giant spiked club!
The orc hits you with a +0 whip.
You hit the ogre but do no damage. You block the orc's attack.
The ogre barely misses you.
You hit the ogre but do no damage. The orc barely misses you.
The ogre hits you with a +0 giant spiked club!!
* * * LOW HITPOINT WARNING * * *
The orc misses you.
You hit the ogre.
The ogre is lightly wounded.
The ogre closely misses you. The orc hits you with a +0 whip.
* * * LOW HITPOINT WARNING * * *
You hit the ogre.
The ogre is lightly wounded.
The ogre misses you. The orc hits you but does no damage.
You barely miss the orc. The orc hits you with a +0 whip.
* * * LOW HITPOINT WARNING * * *
The orc hits you with a +0 whip.
* * * LOW HITPOINT WARNING * * *
Okay, then.
Okay, then.
The orc hits you but does no damage. You block the orc's attack.
You barely miss the orc. You hit the orc.
The orc is lightly wounded.
The orc closely misses you. The orc hits you with a +0 whip.
* * * LOW HITPOINT WARNING * * *
You block the orc's attack. The orc barely misses you.
You hit the orc.
The orc is lightly wounded.
The orc hits you with a +0 whip.
* * * LOW HITPOINT WARNING * * *
You slash the orc!
You kill the orc!
Beogh accepts your kill.
You open the door.
The ogre hits you with a +0 giant spiked club!
You die...

#.#.#####..###....#.#
#.#.# #..#..........
#.#.#####..#..≈......#
#..............≈.....
###........##.≈.≈≈.
#o........#..)...
#..n.........+......
#...O.....####...#.#
#...@.....####...#.##
#.##'###............
#.##.#..........##.##
#.##.###..#####.##...
#..................##
##..................$
#.####..>#####.#....
###...#####.#..##
#...<......[...#


You could see an ogre, a necrophage and an orc.

Vanquished Creatures
  A centaur (D:6)
  A wyvern zombie (D:6)
  A scorpion (D:6)
  An iguana (D:5)
  An orc wizard (D:5)
  A scorpion zombie (D:5)
  A hound skeleton (D:5)
  3 gnolls (D:4)
  4 adders
  A dart slug (D:4)
  6 orcs
  4 endoplasms (D:1)
  2 giant cockroaches (D:1)
  6 goblins (D:1)
  6 hobgoblins
  A quokka (D:1)
  6 ball pythons
  2 bats
  A frilled lizard (D:1)
  6 kobolds
  4 rats
59 creatures vanquished.

Vanquished Creatures (others)
  An orc priest (D:5)
  An orc (D:5)
2 creatures vanquished.

Grand Total: 61 creatures vanquished

Notes
Turn   | Place    | Note
-------+----------+-------------------------------------------
     0 | D:1      | eooof the Hill Orc Monk began the quest for the Orb.
     0 | D:1      | Reached XP level 1. HP: 19/19 MP: 1/1
   147 | D:1      | Reached XP level 2. HP: 22/27 MP: 2/2
   230 | D:1      | Found a faded altar of an unknown god.
   241 | D:1      | Prayed at the altar of an unknown god.
   241 | D:1      | Became a worshipper of Ashenzari the Shackled
   256 | D:1      | Reached * piety under Ashenzari
   350 | D:1      | Reached skill level 5 in Axes
   355 | D:1      | Reached XP level 3. HP: 31/33 MP: 3/3
   758 | D:1      | Reached XP level 4. HP: 41/41 MP: 4/4
   877 | D:4      | Identified the +0 ring mail of the Teacher {-Tele Str+3
                  | SInv}
   881 | D:4      | Reached ** piety under Ashenzari
   907 | D:4      | Found Ypenotea's Jewellery Emporium.
   996 | D:4      | Reached skill level 6 in Axes
  1623 | D:4      | You fall into a shaft and drop 1 floor!
  1623 | D:5      | Entered Level 5 of the Dungeon
  1659 | D:5      | Reached XP level 5. HP: 41/47 MP: 5/5
  1667 | D:5      | Reached skill level 5 in Fighting
  1684 | D:5      | Fell from the grace of Ashenzari
  1684 | D:5      | Became a worshipper of Beogh the Brigand
  1725 | D:5      | Gained mutation: Your mind is acute. (Int +2) [potion of
                  | mutation]
  1725 | D:5      | Gained mutation: You are agile. (Dex +2) [potion of
                  | mutation]
  1847 | D:5      | Reached skill level 7 in Axes
  1921 | D:6      | HP: 2/48 [scorpion (8)]
  1930 | D:6      | Reached XP level 6. HP: 13/56 MP: 6/6
  2473 | D:6      | Was forgiven by Ashenzari
  2473 | D:6      | Reached skill level 8 in Axes
  2643 | D:6      | Noticed a necrophage
  2696 | D:6      | HP: 2/57 [orc/+0 whip (3)]
  2753 | D:6      | Mangled by an ogre

Illustrated notes

Levels and vault maps discovered:
D:1:      minmay_arrival_split_and_join, layout_rooms,
          dreamdust_ecumenical_altar_angels_and_demons,
          minmay_misc_feat_encased, minmay_cupped
D:2:      layout_basic, roderic_serpentine_path, minivault_5
D:3:      layout_loops_corners, ashenzari_altar_1
D:4:      layout_cave_pools, serial_shops, nicolae_inconvenience_store
D:5:      layout_basic, nicolae_shop_fire_sale [nicolae_sub_dead_trees]
D:6:      layout_basic, minmay_temple_entry_overgrown,
          chequers_serial_rivers_micro_c

Skill      XL: |  1  2  3  4  5  6 |
---------------+-------------------+-----
Fighting       | 4 5 |  5.9
Axes           | 5 6 7 8 |  8.3
Dodging        | |  2.4
Stealth        | |  1.5

Action                   |  1- 3 |  4- 6 || total
-------------------------+-------+-------++-------
Melee: Hand axe          |   112 |    90 ||   202
       Punch             |     1 |     2 ||     3
       Falchion          |       |    67 ||    67
Invok: Curse Item        |     2 |     1 ||     3
       Convert to Beogh  |       |     1 ||     1
  Use: Potion            |       |     3 ||     3
Armor: Scale mail        |    56 |    24 ||    80
       Robe              |     3 |    20 ||    23
Dodge: Dodged            |    58 |    78 ||   136
Block: Other             |    43 |    46 ||    89
       Reflection        |     2 |     1 ||     3
